 Dungeon Crawl Stone Soup version 0.31-a0-1-g4198be8af4 (webtiles) character file.

Game seed: 2716053729376721515

168325 ryw the Warrior (level 17, -8/146 HPs)
             Began as a Mummy Fighter on May 1, 2023.
             Was the Champion of Okawaru.
             Mangled by a tarantella (10 damage)
             ... on level 2 of the Lair of Beasts.
             The game lasted 01:07:55 (36694 turns).

ryw the Warrior (Mummy Fighter)                    Turns: 36694, Time: 01:07:56

Health: -8/146     AC: 26    Str: 30    XL:     17   Next: 8%
Magic:  24/24      EV:  6    Int: 15    God:    Okawaru [******]
Gold:   3205       SH:  0    Dex: 14    Spells: 23/26 levels left

rFire   + + .        l - +11 whip "Yjoeq" {drain, Drain rC+ Int+6}
rCold   + + +        w - +6 buckler "Put-Me-On" {Slay+2}
rNeg    + + +        X - +0 gold dragon scales of the Mind {rElec rPois rF+ rC+ Str+3 Dex+2}
rPois   ∞            E - +0 mask of the Dragon {Will+ Slay+3 SInv}
rElec   +            v - scarf {rC+ rF+}
rCorr   .            W - +1 pair of gloves of Vecvatog {Fly Int+2}
SInv    +            M - +2 pair of boots of Igaingeg {rF+ Will+}
Will    ++++.        r - amulet of reflection Stlth
                     N - +4 ring of slaying
HPRegen 0.44/turn    B - ring of see invisible
MPRegen 0.19/turn

%: reflection, faith
@: confused, flying, studying Axes
A: cold resistance 1, negative energy resistance 3, torment resistance 2, heat
vulnerability 1, in touch with death 2, no potions, faith
}: 1/15 runes: barnacled
a: Renounce Religion, Heroism, Finesse, Duel


You were on level 2 of the Lair of Beasts.
You worshipped Okawaru.
Okawaru was exalted by your worship.
You visited 5 branches of the dungeon, and saw 27 of its levels.
You also visited: Ossuary, Bailey and Gauntlet.

You collected 4017 gold pieces.
You spent 812 gold pieces at shops.

Inventory:

Hand Weapons
 l - the +11 whip "Yjoeq" (weapon) {drain, Drain rC+ Int+6}
   (You found it on level 2 of the Dungeon)

   Int:       It affects your intelligence (+6).
   rC:        It protects you from cold.
   Drain:     It drains your maximum health when unequipped.
 A - a +0 morningstar
 F - a +6 demon whip of protection
 I - a +0 morningstar of draining
Missiles
 b - 3 silver boomerangs
 j - 9 javelins
 k - 56 poisoned darts
 m - 6 throwing nets
 G - 24 boomerangs (quivered)
 H - 10 atropa-tipped darts
 J - 4 datura-tipped darts
 L - a boomerang of dispersal
 Q - 18 silver javelins
Armour
 q - the +4 chain mail of Lyxous Rot {Will+ Str+4}
   (You found it on level 3 of the Dungeon)

   Str:       It affects your strength (+4).
   Will:      It increases your willpower.
 v - a scarf of resistance (worn)
 w - the +6 buckler "Put-Me-On" (worn) {Slay+2}
   (Okawaru gifted it to you on level 5 of the Lair of Beasts)

   Slay:      It affects your accuracy & damage with ranged weapons and melee
   (+2).
 E - the +0 mask of the Dragon (worn) {Will+ Slay+3 SInv}
   (You found it on level 1 of the Shoals)

   Slay:      It affects your accuracy & damage with ranged weapons and melee
   (+3).
   SInv:      It lets you see invisible.
   Will:      It increases your willpower.
 M - the +2 pair of boots of Igaingeg (worn) {rF+ Will+}
   (Okawaru gifted it to you on level 11 of the Dungeon)

   rF:        It protects you from fire.
   Will:      It increases your willpower.
 U - the +3 chain mail of Spring Thaw {rElec rF++ rC-}
   (Okawaru gifted it to you on level 15 of the Dungeon)

   rF:        It greatly protects you from fire.
   rC:        It makes you vulnerable to cold.
   rElec:     It insulates you from electricity.
 W - the +1 pair of gloves of Vecvatog (worn) {Fly Int+2}
   (Okawaru gifted it to you on level 3 of the Lair of Beasts)

   Int:       It affects your intelligence (+2).
   Fly:       It grants you flight.
 X - the +0 gold dragon scales of the Mind (worn) {rElec rPois rF+ rC+ Str+3 Dex+2}
   (You found it on level 3 of the Lair of Beasts)

   Str:       It affects your strength (+3).
   Dex:       It affects your dexterity (+2).
   rF:        It protects you from fire.
   rC:        It protects you from cold.
   rElec:     It insulates you from electricity.
   rPois:     It protects you from poison.
Jewellery
 c - a ring of willpower
 i - a ring of flight
 r - an amulet of reflection (around neck)
 B - a ring of see invisible (right hand)
 N - a +4 ring of slaying (left hand)
 P - the ring of the Eye-covered God {Wiz rElec rC- Dex+8 Stlth-}
   (You found it in a Gauntlet)

   [ring of wizardry]

   It improves your spell success rate.
   Dex:       It affects your dexterity (+8).
   rC:        It makes you vulnerable to cold.
   rElec:     It insulates you from electricity.
   Stlth:     It makes you less stealthy.
 T - a ring of resist corrosion
 V - a ring of fire
Wands
 g - a wand of polymorph (4)
 x - a wand of mindburst (48)
 y - a wand of roots (21)
 C - a wand of flame (19)
 R - a wand of acid (6)
 S - a wand of digging (9)
Scrolls
 a - 16 scrolls of teleportation
 d - 3 scrolls of immolation
 e - 3 scrolls of fear
 f - 5 scrolls of magic mapping
 h - 8 scrolls of poison
 n - 3 scrolls of blinking
 o - 7 scrolls of vulnerability
 s - 2 scrolls of silence
 t - 3 scrolls of butterflies
 z - 14 scrolls of identify
 D - a scroll of amnesia
 O - 2 scrolls of fog
 Y - a scroll of torment


   Skills:
 + Level 16.8 Fighting
 - Level 12.0 Maces & Flails
 + Level 7.4 Throwing
 + Level 14.3 Armour
 - Level 9.3 Shields
 - Level 5.0 Spellcasting
 - Level 5.0 Air Magic
 - Level 5.0 Invocations


You had 23 spell levels left.
You knew the following spells:

 Your Spells              Type           Power      Damage    Failure   Level
a - Swiftness             Air            18%        N/A       75%         3

Your spell library contained the following spells:

 Spells                   Type           Power      Damage    Failure   Level
 Static Discharge         Conj/Air       22%        2-3/arc   86%         2
 Cigotuvi's Dreadful Rot  Necr/Pois/Air  38%        N/A       94%         2
 Foxfire                  Conj/Fire      12%        2x1d4     97%         1
 Magic Dart               Conj           12%        1d3       97%         1
 Airstrike                Air            9%         2d(2-18)  98%         4
 Ensorcelled Hibernation  Hex/Ice        6%         N/A       99%         2
 Passwall                 Tmut/Erth      2%         N/A       99%         2
 Mephitic Cloud           Conj/Pois/Air  8%         N/A       99%         3
 Dazzling Flash           Conj/Hex       6%         N/A       100%        3
 Ignite Poison            Fire/Tmut/Pois 3%         N/A       100%        3
 Ozocubu's Armour         Ice            3%         N/A       100%        3
 Stone Arrow              Conj/Erth      6%         3d7       100%        3
 Volatile Blastmotes      Fire/Tloc      6%         2d10      100%        3
 Anguish                  Hex/Necr       4%         N/A       100%        4
 Dispel Undead            Necr           8%         3d8       100%        4
 Iskenderun's Mystic Bla  Conj/Tloc      3%         2d3       100%        4
 Petrify                  Tmut/Erth      3%         N/A       100%        4
 Fireball                 Conj/Fire      1%         3d3       100%        5
 Metabolic Englaciation   Hex/Ice        1%         N/A       100%        5
 Plasma Beam              Fire/Air       5%         2x1d17    100%        6
 Starburst                Conj/Fire      1%         6d3       100%        6
 Lehudib's Crystal Spear  Conj/Erth      1%         10d2      100%        8
 Call Imp                 Summ           Unusable   N/A       N/A         2
 Spider Form              Tmut/Pois      Unusable   N/A       N/A         3
 Summon Lightning Spire   Summ/Air       Unusable   N/A       N/A         4
 Death Channel            Necr           Unusable   N/A       N/A         6
 Simulacrum               Ice/Necr       Unusable   N/A       N/A         6
 Statue Form              Tmut/Erth      Unusable   N/A       N/A         6

Dungeon Overview and Level Annotations

Branches:
Dungeon (15/15)            Temple (0/1) D:6            Lair (5/5) D:11
 Shoals (4/4) Lair:3       Spider (1/4) Lair:2        Slime (0/5) Lair:5
    Orc (2/2) D:11            Elf (0/3) Orc:2        Vaults (0/5) D:14
 Depths (0/4) D:15        Ossuary (visited)          Bailey (visited)
Gauntlet (visited)

Altars:
Ashenzari
Cheibriados
Dithmenos
Kikubaaqudgha
Makhleb
Okawaru
Qazlal
Ru
Sif Muna
Trog
Uskayaw
Vehumet
Wu Jian
Yredelemnul

Shops:
D:7 (   D:14 :   Orc:2 [*?*:   Shoals:1 !

Portals:
Hell: Lair:5

Annotations:
D:15 1 runed translucent door, BubbleThief's ghost, adept NaCA
Shoals:4 1 runed translucent door, pokeman's ghost, adept DEHW


Innate Abilities, Weirdness & Mutations

You are immune to poison.
Your flesh is cold resistant. (rC+)
You are immune to negative energy. (rN+++)
You are immune to unholy pain and torment.
You are vulnerable to heat. (rF-)
You are strongly in touch with the powers of death.
You do not drink.
You have a special connection with the divine. (Faith)


Message History

The tarantella touches you but does no damage.
The tarantella completely misses you.
The tarantella touches you but does no damage.
You thrash the tarantella!!
You kill the tarantella!
Okawaru accepts your kill. The jumping spider pounces on you.
* * * LOW HITPOINT WARNING * * *
The jumping spider bites you.
* * * LOW HITPOINT WARNING * * *
The tarantella touches you but does no damage. x2
You hit the tarantella.
The tarantella is almost dead.
The tarantella touches you.
* * * LOW HITPOINT WARNING * * *
The jumping spider pounces on you but does no damage.
The jumping spider bites you but does no damage.
You are too confused!
Unknown command.
Unknown command.
You can't drink.
Unknown command.
Unknown command.
Okay, then.
Unknown command.
The jumping spider leaps!
The tarantella touches you but does no damage.
You barely miss the tarantella.
The tarantella is almost dead.
The jumping spider leaps!
The tarantella touches you!
* * * LOW HITPOINT WARNING * * *
Unknown command.
Unknown command.
You are too confused!
Unknown command.
You barely miss the tarantella.
The tarantella touches you but does no damage.
The tarantella attacks as you move away!
The tarantella touches you!
You die...

###...............~~~P......
#.#...............P.......
###...........####.#......
#...........########.....
##.............#.## #.....
##......^..........####....
#........^...........###...
#.....^.^^.....P.......##..
##...^..^s@^^.##..##....##.
#...^^^.^ss^..######.#....P
##^..^^>^s^..## ######..
##.....^^^^...## ###
#P.^..^^.^.^...#
#...^^^.^.^^..##
##....^.....^...#
#..............##
######....#.##.#


You could see a jumping spider and 3 tarantellas.

Vanquished Creatures
  Jorgrun (Orc:2)
  An orc warlord (Orc:1)
  2 stone giants
  A minotaur (Gauntlet)
  Azrael (D:12)
  6 merfolk impalers
  7 merfolk javelineers
  A yaktaur captain (D:14)
  Fannar (Lair:3)
  A spectral kraken (Shoals:3)
  2 ghost crabs (Shoals:3)
  Erolcha (D:12)
  5 hydras
  A hell beast (Lair:5)
  A catoblepas (D:15)
  2 ogre magi (Orc:2)
  5 centaur warriors
  A merfolk avatar (Shoals:4)
  8 satyrs
  6 tengu warriors
  5 boulder beetles
  3 merfolk aquamancers
  10 two-headed ogres
  9 death yaks
  2 alligator snapping turtles
  5 spriggan berserkers
  10 skysharks
  8 sea snakes
  2 deep trolls (Orc:2)
  A wizard (Lair:5)
  3 lindwurms
  23 harpies
  A steelbarb worm (Lair:2)
  An ugly thing (D:12)
  2 orc sorcerers
  2 wolf spiders
  An oklob plant (Lair:3)
  4 cyclopes
  4 spectral merfolk (Shoals:3)
  14 manticores
  21 fauns
  7 elephants
  Joseph (D:8)
  A smoke demon (Lair:5)
  An apocalypse crab (Gauntlet)
  2 black mambas
  4 merfolk sirens
  4 molten gargoyles (D:12)
  7 water nymphs
  2 torpor snails
  11 cane toads
  4 orange demons (Lair:5)
  An unseen horror (D:13)
  Psyche (D:8)
  2 kobold demonologists
  An efreet (D:15)
  5 rime drakes
  A freezing wraith (D:11)
  An ice devil (Lair:5)
  2 spectral water nymphs (Shoals:3)
  7 komodo dragons
  A tengu conjurer (D:14)
  9 trolls
  2 yaktaurs (D:14)
  21 merfolk
  6 meliai
  A tarantella (Lair:2)
  A hornet (D:11)
  9 blink frogs
  8 wind drakes
  7 dream sheep
  A spectral manticore (Shoals:3)
  8 snapping turtles
  20 slime creatures
  2 culicivoras
  2 wraiths (D:12)
  5 wyverns
  3 fire elementals (D:12)
  7 water elementals
  43 yaks
  A steam dragon (D:8)
  2 redbacks (Spider:1)
  5 basilisks
  2 wargs
  2 swamp worms (Gauntlet)
  An acid dragon (D:11)
  13 water moccasins
  6 hell hounds
  A spectral snapping turtle (Shoals:3)
  14 orc warriors
  A black bear (D:5)
  20 ogres
  7 wolves
  4 boggarts (D:14)
  17 centaurs
  2 spectral cyclopes (Shoals:3)
  7 kobold brigands
  3 gnoll sergeants
  8 bullfrogs
  5 scorpions
  A hornet simulacrum (D:15)
  13 wights
  7 howler monkeys
  4 electric eels
  2 jellies
  2 lava snakes
  6 hounds
  Crazy Yiuf (D:2)
  14 orc priests
  2 sleepcaps (D:5)
  Jessica (D:2)
  6 iguanas
  17 orc wizards
  4 hell rats (Lair:5)
  8 mummies (Ossuary)
  Robin (D:2)
  19 gnolls
  6 adders
  2 shadow imps
  2 white imps
  4 ufetubi
  3 dart slugs
  A worm (D:4)
  57 orcs
  3 bats
  5 endoplasms
  2 giant cockroaches (D:1)
  12 goblins
  17 hobgoblins
  A quokka (D:1)
  7 ball pythons
  2 frilled lizards
  3 gnoll zombies (Ossuary)
  2 hobgoblin zombies (Ossuary)
  20 kobolds
  3 kobold zombies (Ossuary)
  3 rats
  A bush (Lair:3)
  2 tentacles (Shoals:3)
793 creatures vanquished.

Vanquished Creatures (others)
  A merfolk (Shoals:4)
  A kobold brigand (Bailey)
  17 fungi
  232 plants
  3 tentacles (Shoals:3)
  11 withered plants (Shoals:3)
265 creatures vanquished.

Grand Total: 1058 creatures vanquished

Notes
Turn   | Place    | Note
-------+----------+-------------------------------------------
     0 | D:1      | ryw the Mummy Fighter began the quest for the Orb.
     0 | D:1      | Reached XP level 1. HP: 18/18 MP: 1/1
   393 | D:1      | Reached XP level 2. HP: 24/24 MP: 2/2
  1096 | D:2      | Noticed Robin
  1131 | D:2      | Gained mutation: You are in touch with the powers of death.
                  | [Mummy growth]
  1131 | D:2      | Reached XP level 3. HP: 29/29 MP: 3/3
  1201 | D:2      | Killed Robin
  1363 | D:2      | Noticed Jessica
  1373 | D:2      | Killed Jessica
  1374 | D:2      | Reached XP level 4. HP: 37/37 MP: 4/4
  1614 | D:2      | Identified the +11 whip "Yjoeq" {drain, Drain rC+ Int+6}
  1658 | D:2      | Reached skill level 4 in Fighting
  1807 | D:2      | Found a runed translucent door.
  1808 | D:2      | Noticed Crazy Yiuf
  1814 | D:2      | Killed Crazy Yiuf
  1815 | D:2      | Reached XP level 5. HP: 29/42 MP: 5/5
  1896 | D:3      | Found a faded altar of an unknown god.
  2056 | D:3      | Found a hide-covered altar of Uskayaw.
  2458 | D:3      | Identified the +4 chain mail of Lyxous Rot {Will+ Str+4}
  2661 | D:4      | Reached XP level 6. HP: 49/49 MP: 6/6
  2912 | D:4      | Found an ancient bone altar of Kikubaaqudgha.
  2932 | D:4      | Found a sand-covered staircase.
  2937 | Ossuary  | Entered an ossuary
  3860 | D:4      | Found a bloodstained altar of Trog.
  3930 | D:5      | Entered Level 5 of the Dungeon
  3933 | D:5      | Reached skill level 5 in Fighting
  3933 | D:5      | Reached skill level 5 in Maces & Flails
  3933 | D:5      | Reached XP level 7. HP: 56/56 MP: 7/7
  4173 | D:5      | Reached XP level 8. HP: 59/62 MP: 8/8
  4885 | D:6      | Found a transporter.
  4924 | D:6      | Found an iron altar of Okawaru.
  4933 | D:6      | Became a worshipper of Warmaster Okawaru
  4936 | D:6      | Identified the +5 leather armour "Ifiraeda" {rPois Str+3
                  | SInv}
  5075 | D:6      | Found a transporter.
  5087 | D:6      | Found a staircase to the Ecumenical Temple.
  5266 | D:6      | Reached * piety under Okawaru
  5402 | D:6      | Noticed a kobold demonologist
  5746 | D:6      | Noticed a smoke demon
  6095 | D:7      | Found Ixtuage's Antique Weapon Shop.
  6295 | D:7      | Reached XP level 9. HP: 68/68 MP: 9/9
  6623 | D:8      | Noticed Psyche
  6782 | D:8      | Reached ** piety under Okawaru
  6800 | D:8      | Reached skill level 10 in Maces & Flails
  6882 | D:8      | Noticed Joseph
  6890 | D:8      | Killed Joseph
  7063 | D:8      | Killed Psyche
  7063 | D:8      | Reached *** piety under Okawaru
  7325 | D:9      | Found a radiant altar of Vehumet.
  7461 | D:9      | Reached XP level 10. HP: 53/74 MP: 10/10
  7635 | D:9      | Found a broken altar of Ashenzari.
  7637 | D:9      | Found a basalt altar of Yredelemnul.
  7734 | D:9      | Reached **** piety under Okawaru
  7925 | D:9      | Found a sacrificial altar of Ru.
  7998 | D:9      | Found a stormy altar of Qazlal.
  8240 | D:9      | Found a shimmering blue altar of Sif Muna.
  8279 | D:10     | Entered Level 10 of the Dungeon
  8327 | D:10     | Found a flagged portal.
  8333 | D:10     | Identified the +6 hand axe of the Several Xenophobes
                  | {drain, rF+ Int+5}
  8336 | Bailey   | Entered a bailey
  8468 | Bailey   | Identified the +1 leather armour of Pride {rPois rCorr
                  | Stlth-}
  8538 | Bailey   | Found a burning altar of Makhleb.
  8622 | D:10     | Found a shadowy altar of Dithmenos.
  8633 | D:10     | Reached ***** piety under Okawaru
  8634 | D:10     | Reached skill level 6 in Fighting
  8780 | D:10     | Reached skill level 1 in Throwing
  8789 | D:10     | Reached skill level 5 in Armour
  8800 | D:10     | Received a gift from Okawaru
  8996 | D:10     | Found a snail-covered altar of Cheibriados.
  9366 | D:11     | Noticed a death yak
  9366 | D:11     | Noticed a death yak
  9367 | D:11     | Noticed a death yak
  9367 | D:11     | Noticed a death yak
  9389 | D:11     | Killed a death yak
  9390 | D:11     | Reached XP level 11. HP: 78/83 MP: 11/11
  9400 | D:11     | Killed a death yak
  9415 | D:11     | Killed a death yak
  9415 | D:11     | Received a gift from Okawaru
  9415 | D:11     | Identified the +2 pair of boots of Igaingeg {rF+ Will+}
                  | (Okawaru gifted it to you on level 11 of the Dungeon)
  9415 | D:11     | Received a gift from Okawaru
  9538 | D:11     | Found a staircase to the Lair.
  9538 | D:11     | Noticed a death yak
  9538 | D:11     | Noticed a death yak
  9538 | D:11     | Noticed a death yak
  9538 | D:11     | Noticed a death yak
  9570 | D:11     | Killed a death yak
  9571 | D:11     | Reached skill level 7 in Fighting
  9610 | D:11     | Killed a death yak
  9611 | D:11     | Reached skill level 5 in Shields
  9617 | D:11     | Killed a death yak
  9623 | D:11     | Killed a death yak
  9624 | D:11     | Killed a death yak
  9809 | D:11     | Reached skill level 8 in Fighting
  9985 | D:11     | Noticed a two-headed ogre
  9993 | D:11     | Killed a two-headed ogre
 10275 | D:11     | Found a staircase to the Orcish Mines.
 10410 | Lair:1   | Entered Level 1 of the Lair of Beasts
 10979 | Lair:1   | Reached XP level 12. HP: 94/94 MP: 12/12
 11129 | Lair:1   | Received a gift from Okawaru
 11202 | Lair:2   | Found a gate leading to a gauntlet.
 11215 | Gauntlet | Entered a Gauntlet
 11215 | Gauntlet | Found a transporter.
 11215 | Gauntlet | Found a transporter.
 11221 | Gauntlet | Found a transporter.
 11234 | Gauntlet | Found a transporter.
 11252 | Gauntlet | Found a transporter.
 11252 | Gauntlet | Found a transporter.
 11254 | Gauntlet | Found a transporter.
 11254 | Gauntlet | Found a transporter.
 11259 | Gauntlet | Found a runed translucent door.
 11268 | Gauntlet | Found a transporter.
 11284 | Gauntlet | Found a transporter.
 11286 | Gauntlet | Found a runed translucent door.
 11293 | Gauntlet | Noticed a blizzard demon
 11294 | Gauntlet | Found a transporter.
 11308 | Gauntlet | Found a transporter.
 11329 | Gauntlet | Found a transporter.
 11329 | Gauntlet | Found a transporter.
 11398 | Gauntlet | Reached skill level 9 in Fighting
 11607 | Gauntlet | Identified the ring of the Eye-covered God {Wiz rElec rC-
                  | Dex+8 Stlth-}
 11623 | Gauntlet | Identified the staff of poison "Mioreusm" {rPois Int+2}
 11623 | Gauntlet | Noticed a minotaur
 11633 | Gauntlet | Killed a minotaur
 11633 | Gauntlet | Received a gift from Okawaru
 11642 | Gauntlet | Identified the staff of cold "Tanyev" {rPois rC+ Will-
                  | Str-3 Int+9}
 11642 | Gauntlet | Identified the ring of Darkness {rC+++ rCorr MP+9 Stlth-}
 12223 | Lair:2   | Found a hole to the Spider Nest.
 12390 | Lair:2   | Identified the +6 chain mail of the Cricket {Stlth+}
                  | (Okawaru gifted it to you on level 2 of the Lair of Beasts)
 12390 | Lair:2   | Received a gift from Okawaru
 12758 | Lair:3   | You fall into a shaft and drop 2 floors!
 12758 | Lair:5   | Entered Level 5 of the Lair of Beasts
 12764 | Lair:4   | Noticed an eight-headed hydra
 12783 | Lair:4   | Reached skill level 10 in Fighting
 12786 | Lair:4   | Killed an eight-headed hydra
 12910 | Lair:3   | Noticed Fannar
 12952 | Lair:3   | Killed Fannar
 13220 | Lair:3   | Noticed an eight-headed hydra
 13266 | Lair:3   | Killed an eight-headed hydra
 13266 | Lair:3   | Identified the +1 pair of gloves of Vecvatog {Fly Int+2}
                  | (Okawaru gifted it to you on level 3 of the Lair of Beasts)
 13266 | Lair:3   | Received a gift from Okawaru
 13497 | Lair:3   | Gained mutation: You are strongly in touch with the powers
                  | of death. [Mummy growth]
 13497 | Lair:3   | Reached XP level 13. HP: 98/104 MP: 12/14
 13535 | Lair:3   | Reached skill level 1 in Spellcasting
 13627 | Lair:3   | Found a staircase to the Shoals.
 13643 | Lair:3   | Reached skill level 1 in Invocations
 13967 | Lair:3   | Identified the +0 gold dragon scales of the Mind {rElec
                  | rPois rF+ rC+ Str+3 Dex+2}
 14472 | Lair:4   | Reached skill level 11 in Fighting
 15145 | Lair:5   | Got the Catalogue of Plutonic Virulence
 15231 | Lair:5   | Reached ****** piety under Okawaru
 15235 | Lair:5   | Received a gift from Okawaru
 15493 | Lair:5   | Found a staircase to the Slime Pits.
 15876 | Lair:4   | Reached skill level 5 in Spellcasting
 16680 | Lair:5   | Identified the +6 buckler "Put-Me-On" {Slay+2} (Okawaru
                  | gifted it to you on level 5 of the Lair of Beasts)
 16680 | Lair:5   | Received a gift from Okawaru
 16696 | Lair:5   | Learned a level 3 spell: Swiftness
 16707 | Lair:5   | Found a burning altar of Makhleb.
 16982 | Lair:5   | Reached skill level 10 in Armour
 16982 | Lair:5   | Reached skill level 1 in Air Magic
 16982 | Lair:5   | Reached XP level 14. HP: 103/114 MP: 21/21
 17064 | Lair:5   | Found a gateway to Hell.
 17071 | Lair:5   | Identified the +5 broad axe of Desperation {freeze, Int+4
                  | Dex-3}
 17382 | Orc:1    | Entered Level 1 of the Orcish Mines
 17827 | Orc:2    | Entered Level 2 of the Orcish Mines
 17842 | Orc:2    | Noticed Jorgrun
 17972 | Orc:2    | Found Weatenuop's Magic Scroll Boutique.
 17972 | Orc:2    | Found Naetol's Antique Armour Shoppe.
 18021 | Orc:2    | Found Ziem's Gadget Gallery.
 18071 | Orc:2    | Killed Jorgrun
 18072 | Orc:2    | Reached skill level 12 in Fighting
 18080 | Orc:2    | Noticed an orc warlord
 18206 | Orc:1    | Reached skill level 5 in Invocations
 18218 | Orc:1    | Killed an orc warlord
 18902 | Orc:2    | Found Futoub's Book Shoppe.
 18903 | Orc:2    | Found Pegoeq's General Store.
 18905 | Orc:2    | Bought a scroll of acquirement for 728 gold pieces
 18905 | Orc:2    | Bought a scroll of teleportation for 42 gold pieces
 18905 | Orc:2    | Bought a scroll of teleportation for 42 gold pieces
 18992 | Orc:2    | Found a staircase to the Elven Halls.
 19014 | Orc:2    | Noticed a stone giant
 19027 | Orc:2    | Killed a stone giant
 19031 | Orc:2    | Acquired 1018 gold pieces
 19573 | D:12     | Received a gift from Okawaru
 19652 | D:12     | Noticed Azrael
 19682 | D:12     | Killed Azrael
 19943 | D:12     | Reached skill level 13 in Fighting
 20172 | D:12     | Reached skill level 5 in Air Magic
 20560 | D:12     | Noticed Erolcha
 20574 | D:12     | Killed Erolcha
 20574 | D:12     | Received a gift from Okawaru
 21352 | D:13     | Reached XP level 15. HP: 123/124 MP: 22/22
 21486 | D:13     | Found the +8 Wrath of Trog {antimagic, *Rage Rampage}
 22765 | D:14     | Found a gate to the Vaults.
 23023 | D:14     | Found Gydud's Self-Improvement Boutique.
 23040 | D:14     | Reached skill level 14 in Fighting
 23727 | D:15     | Entered Level 15 of the Dungeon
 24463 | D:15     | Found a runed translucent door.
 24467 | D:15     | Noticed BubbleThief's ghost (adept NaCA)
 24771 | D:15     | Identified the +3 chain mail of Spring Thaw {rElec rF++
                  | rC-} (Okawaru gifted it to you on level 15 of the Dungeon)
 24771 | D:15     | Received a gift from Okawaru
 25191 | D:15     | Found a staircase to the Depths.
 25384 | D:15     | Found an ornate altar of the Wu Jian Council.
 26398 | Shoals:1 | Entered Level 1 of the Shoals
 26398 | Shoals:1 | Found Caganah's Distillery.
 26532 | Shoals:1 | Found the +0 mask of the Dragon {Will+ Slay+3 SInv}
 26850 | Shoals:1 | Reached skill level 15 in Fighting
 28082 | Shoals:2 | Reached XP level 16. HP: 107/136 MP: 23/23
 28824 | Shoals:2 | Received a gift from Okawaru
 28825 | Shoals:2 | Reached skill level 5 in Throwing
 30109 | Shoals:2 | Received a gift from Okawaru
 30264 | Shoals:3 | Reached skill level 16 in Fighting
 30321 | Shoals:3 | Identified the +1 kite shield of Music {Harm rF+ Int-3}
                  | (Okawaru gifted it to you on level 3 of the Shoals)
 30321 | Shoals:3 | Received a gift from Okawaru
 31225 | Shoals:4 | Entered Level 4 of the Shoals
 31413 | Shoals:4 | Found a runed translucent door.
 31415 | Shoals:4 | Noticed pokeman's ghost (adept DEHW)
 31884 | Shoals:4 | Identified the staff of earth "Elepoysil" {Int+2}
 32717 | Shoals:4 | Received a gift from Okawaru
 35436 | Shoals:4 | Reached XP level 17. HP: 83/146 MP: 24/24
 35851 | Shoals:4 | Got a barnacled rune of Zot
 36351 | Spider:1 | Entered Level 1 of the Spider Nest
 36692 | Lair:2   | HP: 2/146 [tarantella (11)]
 36694 | Lair:2   | Mangled by a tarantella

Illustrated notes

Levels and vault maps discovered:
D:1:      dpeg_arrival_tiny_c, layout_basic, serial_co_window_serial,
          co_window_of_opportunity_a, co_window_corner_a, co_window_corner_a,
          co_window_paths_a, co_window_paths_a, co_window_corner_a,
          co_window_of_opportunity_a, co_window_corner_b,
          co_window_of_opportunity_b, co_window_unsneaky_path_e,
          co_window_corner_ca, co_window_corner_b, co_window_unsneaky_path_d,
          co_window_4corner_b, co_window_paths_e, glass_columns_c,
          glass_columns_a
D:2:      layout_basic, uniq_jessica, uniq_crazy_yiuf_cottage, uniq_robin
D:3:      layout_loops_ring, nicolae_uskayaw_murder_on_the_dancefloor,
          nicolae_ecumenical_oubliette
D:4:      layout_cave_pods, general_overflow_altar, lightli_temple_of_fire,
          lightli_ossuary_entry_decrepit_ruins, kennysheep_another_room,
          grunt_decor_clamped
D:5:      cheibrodos_thug_alley, layout_basic, zin_statuary
D:6:      gammafunk_wand_slinger, layout_loops_ring, lemuel_tele_altar,
          minmay_temple_entry_large_hall, nicolae_nh_ransacked_shop
D:7:      layout_loops_cross, serial_shops, shop
D:8:      layout_rooms, nicolae_figureground_pulse, uniq_joseph, uniq_psyche
D:9:      layout_roguey, lemuel_blue_sif_altar,
          mainiacjoe_overflow_small_starburst, jmf_multi_god_temple,
          marbit_many_paths, nicolae_ru_the_path_less_chosen
D:10:     layout_irregular_city, nicolae_dithmenos_shadow_blocks,
          lemuel_doored_altar, enter_bailey_2, minivault_26
D:11:     layout_loops_cross, dpeg_lair_monsters
D:12:     layout_gridville, minivault_8, uniq_erolcha, uniq_azrael
D:13:     layout_basic, minmay_guarded_unrand_wrath_of_trog
D:14:     layout_basic, david_vaults_2, nicolae_shop_self_help
D:15:     grunt_enter_depths_snipers, layout_stronghold,
          ebering_ghost_reflecting_pool, serial_glass, glass_columns_a,
          glass_columns_b, minmay_strange_pillars, item_on_display_a,
          feat_on_display, pdpol_wu_jian_five_deadly_venoms,
          chequers_serial_rivers_large_a
Lair:1:   layout_gridlike, nicolae_quartered_pool_little
Lair:2:   layout_cave_pods, spider_nest_entry_web_field, gauntlet_entry_generic,
          serial_bayou_pond_b, lemuel_fruit_tree, grunt_megastairs_5
Lair:3:   layout_concentric_octagons, nicolae_shoals_entry_roost,
          minmay_lair_oklob_bushes, serial_bayou_shore_a, uniq_fannar
Lair:4:   layout_hall_layers, grunt_megastairs_1
Lair:5:   evil_forest, layout_regular_city, slime_entry_1, nicolae_lair_lindhole
Shoals:1: layout_shoals, serial_shops, shop
Shoals:2: layout_shoals
Shoals:3: layout_shoals, nicolae_shoals_spectral_cove
Shoals:4: shoals_end_grunt_garden, layout_shoals, ebering_ghost_inner_flame,
          nicolae_shoals_loop_pool
Spider:1: layout_spider_delve, hangedman_spider_trapstep
Orc:1:    layout_caves
Orc:2:    st_orc_open, layout_caves, basic_altar, nicolae_shop_gadgets,
          uniq_jorgrun

Skill      XL: |  1  2  3  4  5  6  7  8  9 10 11 12 13 14 15 16 |
---------------+-------------------------------------------------+-----
Maces & Flails | 2 3 4 5 6 8 11 12 | 12.0
Fighting       | 4 5 6 8 10 11 13 15 16 | 16.8
Armour         | 3 4 5 7 9 10 11 13 14 | 14.3
Shields        | 4 6 8 9 |  9.3
Throwing       | 2 4 7 |  7.4
Spellcasting   | 5 |  5.0
Invocations    | 4 5 |  5.0
Air Magic      | 1 5 |  5.0

Action                     |  1- 3 |  4- 6 |  7- 9 | 10-12 | 13-15 | 16-18 || total
---------------------------+-------+-------+-------+-------+-------+-------++-------
  Melee: Flail             |    89 |    31 |       |       |       |       ||   120
         Whip              |       |   148 |   303 |   634 |  1457 |   610 ||  3152
  Throw: Dart              |     4 |       |     9 |       |       |       ||    13
         Boomerang         |       |       |       |     5 |    29 |     4 ||    38
   Cast: Swiftness         |       |       |       |       |     1 |       ||     1
 Invoke: Heroism           |       |       |       |    14 |    10 |     2 ||    26
         Finesse           |       |       |       |     3 |     3 |       ||     6
  Evoke: Wand              |       |       |       |       |       |     1 ||     1
    Use: Scroll            |       |    10 |     4 |     6 |     9 |     1 ||    30
 Armour: Scale mail        |    48 |    29 |       |       |       |       ||    77
         Chain mail        |       |    30 |   130 |   195 |   359 |       ||   714
         Gold dragon scale |       |       |       |       |   125 |   291 ||   416
  Dodge: Dodged            |    49 |    33 |    97 |    84 |   277 |   126 ||   666
  Block: Buckler           |    12 |    23 |    78 |       |   640 |   427 ||  1180
         Reflection        |       |       |     6 |    20 |    65 |    47 ||   138
         Kite shield       |       |       |       |   274 |   207 |       ||   481

Table legend: (Time is in decaauts)
 A = Elapsed time spent in this place.
 B = Non-inter-level travel time spent in this place.
 C = Inter-level travel time spent in this place.
 D = Time resting spent in this place.
 E = Time spent auto-exploring this place.
 F = Levels seen in this place.
 G = Mean time per level.
                   A        B        C        D        E       F      G
               +--------+--------+--------+--------+--------+-----+--------+
         Total |  35472 |  33813 |   1659 |   9650 |  17921 |  30 | 1182.4 |
       Dungeon |  16242 |  15316 |    926 |   2503 |  10204 |  15 | 1082.8 |
          Lair |   6631 |   6275 |    356 |   1460 |   3572 |   5 | 1326.2 |
        Shoals |   9520 |   9234 |    286 |   4901 |   2913 |   4 | 2380.0 |
   Spider Nest |    102 |    102 |      0 |      0 |     75 |   1 |  102.0 |
  Orcish Mines |   1921 |   1833 |     88 |    592 |    792 |   2 |  960.5 |
       Ossuary |    378 |    378 |      0 |     80 |    172 |   1 |  378.0 |
        Bailey |    247 |    247 |      0 |     30 |     70 |   1 |  247.0 |
      Gauntlet |    429 |    429 |      0 |     83 |    123 |   1 |  429.0 |
               +--------+--------+--------+--------+--------+-----+--------+

Top non-repeatable levels by time:
Shoals:3: 3880 daAuts
Shoals:2: 2219 daAuts
Shoals:4: 2143 daAuts
    D:15: 1949 daAuts
  Lair:5: 1598 daAuts
    D:14: 1550 daAuts
  Lair:4: 1491 daAuts
  Lair:3: 1436 daAuts
    D:12: 1436 daAuts
    D:11: 1408 daAuts
    D:13: 1354 daAuts
  Lair:2: 1347 daAuts
Shoals:1: 1277 daAuts
     D:1: 1132 daAuts
   Orc:1: 1035 daAuts
